 Dungeon Crawl Stone Soup version 0.28-a0-1594-ga885d4b3d6 (webtiles) character file.

Game seed: 16589796150734469135

1760 enile the Skirmisher (level 9, -1/72 HPs)
             Began as a Formicid Wanderer on Jan 20, 2022.
             Was a Priest of Vehumet.
             Succumbed to a wolf spider's poison
             ... on level 10 of the Dungeon.
             The game lasted 00:31:45 (10372 turns).

enile the Skirmisher (Formicid Wanderer)           Turns: 10372, Time: 00:31:46

Health: -1/72      AC:  5    Str: 16    XL:     9   Next: 27%
Magic:  12/12      EV: 12    Int: 21    God:    Vehumet [***...]
Gold:   312        SH:  0    Dex: 12    Spells: 3/12 levels left

rFire   . . .      SeeInvis +   H - +0 flail (protect)
rCold   . . .      Faith    .   (no shield)
rNeg    + . .      Spirit   +   f - +0 leather armour
rPois   .          Reflect  .   (helmet unavailable)
rElec   .          Harm     .   (no cloak)
rCorr   .          Rampage  .   (no gloves)
Will    .....                   t - +1 pair of boots {Stlth+}
Stlth   +++.......              x - amulet of guardian spirit
HPRegen 0.22/turn               B - ring of positive energy
MPRegen 0.13/turn               J - +6 ring of intelligence

@: lethally poisoned (-1 -> -22)
A: permanent stasis, dig shafts and tunnels, antennae 3, four strong arms
a: Dig, Shaft Self, Renounce Religion


You were on level 10 of the Dungeon.
You worshipped Vehumet.
Vehumet was most pleased with you.
You visited 1 branch of the dungeon, and saw 10 of its levels.

You collected 332 gold pieces.
You spent 20 gold pieces at shops.

Inventory:

Hand Weapons
 a - a +0 quarterstaff
 e - a +0 dagger
 h - a +1 dagger of protection
 k - a +0 falchion
 o - a +1 flail of draining
 v - a +2 dagger of freezing
 G - a +0 vorpal hand axe
 H - a +0 flail of protection (weapon)
Missiles
 d - 11 boomerangs
 g - 183 stones
 s - 11 poisoned darts (quivered)
 F - a boomerang of dispersal
 K - a curare-tipped dart
Armour
 b - a +0 pair of boots
 f - a +0 leather armour (worn)
 q - a +1 chain mail
 r - a +0 scale mail
 t - a +1 pair of boots of stealth (worn)
 y - a +0 ring mail
Jewellery
 x - an amulet of guardian spirit (around neck)
 B - a ring of positive energy (left hand)
 J - a +6 ring of intelligence (right hand)
Wands
 i - a wand of polymorph (7)
Scrolls
 j - 4 scrolls of blinking {unknown}
 l - 3 scrolls of teleportation
 w - 3 scrolls of immolation
 E - a scroll of identify
 I - a scroll of magic mapping
Potions
 c - a potion of brilliance
 m - a potion of haste {unknown}
 n - a potion of heal wounds
 u - 2 potions of magic
 z - a potion of resistance {unknown}
 A - a potion of degeneration {unknown}
 C - a potion of flight
 D - a potion of mutation {unknown}


   Skills:
 - Level 7.0 Fighting
 - Level 1.0 Short Blades
 - Level 2.6(3.0) Maces & Flails
 - Level 2.0(2.6) Staves
 - Level 3.0 Throwing
 + Level 4.4 Armour
 - Level 2.0 Dodging
 - Level 3.0 Stealth
 - Level 3.0 Unarmed Combat
 - Level 2.1 Spellcasting
 - Level 3.0 Hexes
 - Level 3.0 Fire Magic
 - Level 5.0 Earth Magic
 - Level 1.0 Evocations


You had 3 spell levels left.
You knew the following spells:

 Your Spells              Type           Power      Damage    Failure   Level
a - Foxfire               Conj/Fire      32%        2x1d5     2%          1
b - Static Discharge      Conj/Air       2%         N/A       7%          2
c - Inner Flame           Hex/Fire       14%        N/A       4%          3
d - Stone Arrow           Conj/Erth      24%        3d8       5%          3

Your spell library contained the following spells:

 Spells                   Type           Power      Damage    Failure   Level
 Airstrike                Air            1%         N/A       38%         4
 Sandblast                Erth           46%        2d11      1%          1
 Passwall                 Tmut/Erth      10%        N/A       10%         2
 Summon Small Mammal      Summ           8%         N/A       17%         1
 Summon Guardian Golem    Hex/Summ       8%         N/A       28%         3
 Call Canine Familiar     Summ           2%         N/A       45%         3
 Lightning Bolt           Conj/Air       1%         1d12      71%         5
 Summon Lightning Spire   Summ/Air       2%         N/A       86%         4
 Chain Lightning          Conj/Air       1%         3d1       100%        9
 Fire Storm               Conj/Fire      4%         8d1       100%        9
 Shatter                  Erth           11%        3d12*     100%        9


Dungeon Overview and Level Annotations

Branches:
Dungeon (10/15)
 Temple: D:4-7         Lair: D:8-11         Orc: D:9-12

Altars:
Vehumet
Wu Jian
Xom
Yredelemnul
Zin

Shops:
D:1 ?   D:6 :

Annotations:
D:5 3 runed translucent doors, Dowan; knot's ghost, novice DsBe


Innate Abilities, Weirdness & Mutations

You cannot be hasted, slowed, berserked, paralysed or teleported.
You can dig through walls and to a lower floor.
You have a pair of large antennae on your head. (SInv)
Your four strong arms can wield two-handed weapons with a shield.


Message History

The wolf spider hits you. The wolf spider bites you.
The wolf spider closely misses you. The wolf spider completely misses you.
You hit the wolf spider.
The wolf spider is lightly wounded.
The wolf spider barely misses you. The wolf spider bites you.
Casting: Foxfire (safe; 2% risk of failure)
Confirm with . or Enter, or press ? or * to list all spells.
Okay, then.
Casting: Foxfire (safe; 2% risk of failure)
Confirm with . or Enter, or press ? or * to list all spells.
Aiming: Stone Arrow (dangerous; 5% risk of failure)
Press: ? - help, Shift-Dir - straight line, f - wolf spider
Aim: a wolf spider (lightly wounded, 68% to hit)
The stone arrow misses the wolf spider.
The wolf spider closely misses you. The wolf spider bites you!
The wolf spider hits you!! The wolf spider closely misses you.
Press: ? - help, v - describe, . - travel
Here: a wolf spider (lightly wounded)
The floor.
Okay, then.
As you read the scroll labelled BOPUMU ROZU, it crumbles to dust.
It is a scroll of enchant armour.
Your +0 chain mail glows green for a moment.
The wolf spider hits you! The wolf spider bites you.
You are poisoned.
The wolf spider poisons you!
Okay, then.
Casting: Stone Arrow (dangerous; 5% risk of failure)
Confirm with . or Enter, or press ? or * to list all spells.
Okay, then.
As you read the scroll labelled TEUT OMOTEMPUA, it crumbles to dust.
The scroll dissolves into smoke.
It was a scroll of fog.
You feel very sick. The wolf spider hits you!
* * * LOW HITPOINT WARNING * * *
The wolf spider closely misses you. The wolf spider hits you!
* * * LOW HITPOINT WARNING * * *
The wolf spider bites you but does no damage.
It was a potion of magic.
Magic courses through your body.
You die...

#.....................#
#.................9...#
#.......(.............##
#....##### #..........
#....# #..........
#....# #.#####....
###..<.# #9# ...
.......# #s# .
.......#########@#
............<.§§§#####.#
......).......§§§§.....#
#######.............>..#
#......).........#
##................
#................
##.).............
#...............


You could see a wolf spider and a gargoyle.

Vanquished Creatures
  A wraith (D:10)
  Edmund (D:4)
  Duvessa (D:5)
  A sky beast (D:7)
  A hornet zombie (D:8)
  4 necrophages
  An ogre (D:6)
  A kobold brigand (D:10)
  A bullfrog (D:8)
  A howler monkey (D:6)
  An orc priest (D:8)
  A hound (D:6)
  A jelly (D:4)
  An iguana (D:6)
  Ijyb (D:3)
  2 hound zombies (D:4)
  A hound skeleton (D:4)
  A howler monkey zombie (D:4)
  5 adders
  3 gnolls (D:3)
  A howler monkey skeleton (D:6)
  A shadow imp (D:8)
  A white imp (D:8)
  An ufetubus (D:6)
  3 adder zombies (D:4)
  An adder skeleton (D:4)
  A dart slug (D:3)
  12 orcs
  9 ball pythons
  10 endoplasms
  4 giant cockroaches
  8 goblins
  6 hobgoblins
  9 jackals
  13 kobolds
  5 quokkas
  8 bats
  6 frilled lizards
  8 rats
137 creatures vanquished.

Vanquished Creatures (collateral kills)
  A steam dragon (D:8)
  A bullfrog (D:8)
2 creatures vanquished.

Vanquished Creatures (others)
  288 foxfires
  2 withered plants (D:4)
290 creatures vanquished.

Grand Total: 429 creatures vanquished

Notes
Turn   | Place    | Note
-------+----------+-------------------------------------------
     0 | D:1      | enile the Formicid Wanderer began the quest for the Orb.
     0 | D:1      | enile set off with the following items: a +0 quarterstaff,
                  | a scroll of fear, a potion of brilliance, 8 boomerangs, a
                  | +0 dagger, a +0 leather armour
     0 | D:1      | Reached XP level 1. HP: 15/15 MP: 3/3
   247 | D:1      | Reached skill level 2 in Fighting
   247 | D:1      | Reached XP level 2. HP: 6/22 MP: 5/5
  1291 | D:1      | Found a faded altar of an unknown god.
  1301 | D:1      | Reached skill level 3 in Fighting
  1301 | D:1      | Reached XP level 3. HP: 23/29 MP: 6/6
  1307 | D:1      | Prayed at the altar of an unknown god.
  1307 | D:1      | Became a worshipper of Vehumet
  1307 | D:1      | Reached * piety under Vehumet
  1307 | D:1      | Offered knowledge of Foxfire by Vehumet.
  1384 | D:1      | Learned a level 1 spell: Foxfire
  1501 | D:1      | Reached skill level 1 in Short Blades
  1684 | D:1      | Found Lafimm's Magic Scroll Shoppe.
  1742 | D:1      | Bought a scroll of identify for 20 gold pieces
  2354 | D:2      | Reached skill level 1 in Fire Magic
  2662 | D:2      | Reached XP level 4. HP: 32/35 MP: 1/7
  3190 | D:2      | Reached ** piety under Vehumet
  3190 | D:2      | Offered knowledge of Static Discharge by Vehumet.
  4171 | D:3      | Noticed Ijyb
  4624 | D:3      | Killed Ijyb
  4625 | D:3      | Reached XP level 5. HP: 29/41 MP: 8/8
  5129 | D:2      | Learned a level 2 spell: Static Discharge
  5413 | D:3      | Reached skill level 4 in Fighting
  5494 | D:3      | Offered knowledge of Inner Flame by Vehumet.
  5795 | D:4      | Reached skill level 1 in Dodging
  5853 | D:4      | Reached XP level 6. HP: 40/48 MP: 9/9
  5969 | D:4      | Reached *** piety under Vehumet
  6068 | D:4      | Learned a level 3 spell: Inner Flame
  6136 | D:4      | Found a basalt altar of Yredelemnul.
  6327 | D:4      | Reached skill level 5 in Fighting
  6354 | D:4      | Noticed Edmund
  6432 | D:4      | Killed Edmund
  6730 | D:4      | Reached skill level 6 in Fighting
  6730 | D:4      | Reached XP level 7. HP: 42/55 MP: 10/10
  6950 | D:4      | Found a glowing silver altar of Zin.
  6998 | D:4      | Found a shimmering altar of Xom.
  7187 | D:5      | Entered Level 5 of the Dungeon
  7192 | D:5      | Found a runed translucent gate.
  7193 | D:5      | Found a runed translucent gate.
  7193 | D:5      | Noticed a troll
  7211 | D:5      | Reached skill level 1 in Maces & Flails
  7366 | D:5      | Noticed knot's ghost (novice DsBe)
  7369 | D:5      | Found a runed translucent gate.
  7473 | D:5      | Noticed Duvessa
  7476 | D:5      | Noticed Dowan
  7502 | D:5      | Killed Duvessa
  7512 | D:5      | You fall into a shaft and drop 2 floors!
  7512 | D:7      | Noticed a water moccasin
  7520 | D:7      | Noticed a water moccasin
  7795 | D:6      | Reached skill level 1 in Evocations
  7795 | D:6      | Reached skill level 1 in Hexes
  7888 | D:6      | Found an ornate altar of the Wu Jian Council.
  7908 | D:6      | Reached XP level 8. HP: 58/65 MP: 8/11
  8142 | D:6      | Reached skill level 7 in Fighting
  8320 | D:6      | Found Syn Gipp's Self-Improvement Boutique.
  8851 | D:7      | You fall into a shaft and drop 2 floors!
  9069 | D:9      | Noticed a wyvern
  9128 | D:8      | Offered knowledge of Airstrike by Vehumet.
  9392 | D:8      | Learned a level 3 spell: Stone Arrow
  9397 | D:8      | Reached XP level 9. HP: 54/72 MP: 9/12
  9674 | D:8      | You fall into a shaft and drop 1 floor!
  9775 | D:9      | Noticed a two-headed ogre
  9807 | D:9      | You fall into a shaft and drop 1 floor!
  9807 | D:10     | Entered Level 10 of the Dungeon
  9854 | D:10     | Noticed a wolf spider
  9943 | D:10     | Reached skill level 5 in Earth Magic
 10359 | D:10     | Noticed a gargoyle
 10372 | D:10     | Succumbed to a wolf spider's poison

Illustrated notes

Levels and vault maps discovered:
D:1:      erik_arrival_cave_to_civilisation [erik_arrival_cave_to_hall],
          layout_basic, hellmonk_ecumenical_altar_crossroads, serial_shops,
          nicolae_shop_temple_entry_statues_fountains,
          amcnicky_mini_rare_corridor_liquid
D:2:      minmay_spotlight, layout_basic, palyth_stone_intersect,
          minmay_surrounded
D:3:      layout_basic, minmay_randomly_rotated_circles, uniq_ijyb
D:4:      layout_loops_ring, mainiacjoe_overflow_six_doors_small, zin_treasury,
          mainiacjoe_overflow_brackets, serial_undead, serial_undead_b,
          serial_undead_b, serial_undead_e, serial_undead_d, abandoned_shop,
          kennysheep_generic_room_9, uniq_edmund
D:5:      layout_loops_ring, okawaru_metal_pillars_1_2,
          mainiacjoe_overflow_chevrons, grunt_gozag_breadcrumbs,
          minmay_temple_entry_junction_2, gammafunk_ghost_split,
          corexii_checkpoint_a, chequers_serial_rivers_small_3, uniq_duvessa
D:6:      layout_basic, old_standard_altar, nicolae_shop_self_help
D:7:      layout_basic, mainiacjoe_overflow_concentric_impassable,
          chequers_serial_rivers_large_a, minmay_ruffians
D:8:      layout_basic, nicolae_hepliaklqana_monster_ancestors
D:9:      minmay_four_partial_circles, layout_irregular_city, david_orc_3,
          uniq_joseph
D:10:     minmay_the_grid_triangle_9x9_rhombus_thin
          [minmay_the_grid_triangle_9x9_subtriangle,
          minmay_the_grid_triangle_9x9_prize_center,
          minmay_the_grid_triangle_9x9_minimal,
          minmay_the_grid_triangle_9x9_semitri], layout_irregular_city

Skill      XL: |  1  2  3  4  5  6  7  8  9 |
---------------+----------------------------+-----
Fighting       | 2 3 4 6 7 |  7.0
Short Blades   | 1 |  1.0
Fire Magic     | 1 3 |  3.0
Dodging        | 1 2 |  2.0
Armour         | 2 4 |  4.4
Maces & Flails | 1 2 |  2.6
Throwing       | 2 3 |  3.0
Stealth        | 2 3 |  3.0
Evocations     | 1 |  1.0
Hexes          | 2 3 |  3.0
Earth Magic    | 3 5 |  5.0
Staves         | |  2.0
Unarmed Combat | |  3.0
Spellcasting   | |  2.1

Action                   |  1- 3 |  4- 6 |  7- 9 || total
-------------------------+-------+-------+-------++-------
Melee: Quarterstaff      |    48 |       |       ||    48
       Dagger            |    67 |   183 |       ||   250
       Punch             |     2 |     5 |     6 ||    13
       Unarmed           |       |    22 |       ||    22
       Flail             |       |     3 |   131 ||   134
Throw: Boomerang         |     1 |     3 |       ||     4
       Throwing net      |       |     1 |       ||     1
       Dart              |       |     6 |     6 ||    12
 Cast: Foxfire           |    42 |   106 |    37 ||   185
       Inner Flame       |       |     1 |     5 ||     6
       Stone Arrow       |       |       |    11 ||    11
 Abil: Shaft Self        |       |       |     4 ||     4
  Use: Scroll            |       |     8 |     4 ||    12
       Potion            |       |     3 |     2 ||     5
 Stab: Sleeping          |     1 |       |       ||     1
       Distracted        |       |       |     1 ||     1
Armor: Leather armour    |    46 |    87 |    27 ||   160
       Skin              |       |     2 |       ||     2
       Scale mail        |       |       |    44 ||    44
Dodge: Dodged            |    95 |   160 |   101 ||   356

Table legend: (Time is in decaauts)
 A = Elapsed time spent in this place.
 B = Non-inter-level travel time spent in this place.
 C = Inter-level travel time spent in this place.
 D = Time resting spent in this place.
 E = Time spent auto-exploring this place.
 F = Levels seen in this place.
 G = Mean time per level.
                   A        B        C        D        E       F      G
               +--------+--------+--------+--------+--------+-----+--------+
         Total |  10408 |  10150 |    258 |   1444 |   6748 |  10 | 1040.8 |
       Dungeon |  10408 |  10150 |    258 |   1444 |   6748 |  10 | 1040.8 |
               +--------+--------+--------+--------+--------+-----+--------+

Top non-repeatable levels by time:
     D:1: 2240 daAuts
     D:2: 1768 daAuts
     D:3: 1684 daAuts
     D:4: 1492 daAuts
     D:6: 1298 daAuts
     D:8: 599 daAuts
    D:10: 561 daAuts
     D:9: 378 daAuts
     D:5: 328 daAuts
     D:7: 55 daAuts
